 Dungeon Crawl Stone Soup version 0.18.1-8-gdd0e5ea (webtiles) character file.

877 BESTIEunlmt the Archer (level 7, -2/45 HPs)
             Began as a High Elf Hunter on June 9, 2016.
             Slain by a centaur (6 damage)
             ... on level 5 of the Dungeon.
             The game lasted 01:10:44 (5809 turns).

BESTIEunlmt the Archer (High Elf Hunter)            Turns: 5809, Time: 01:10:44

Health: -2/45      AC: 14    Str: 13    XL:     7   Next: 75%
Magic:  8/8        EV: 13    Int: 16    God:
Gold:   123        SH:  0    Dex: 15    Spells: 1 memorised, 2 levels left

rFire  . . .     SeeInvis .     z - +0 falchion
rCold  . . .     Gourm    .     c - +1 leather armour
rNeg   . . .     Faith    .     (no shield)
rPois  .         Spirit   .     i - +1 hat
rElec  .         Dismiss  .     (no cloak)
rCorr  .         Reflect  .     j - +1 pair of gloves
SustAt .         Harm     .     y - +0 pair of boots
MR     .....                    (no amulet)
Stlth  +.........               (no ring)
                                o - +6 ring of protection

@: lethally poisoned (-2 -> -11), drained, not resistant to hostile
enchantments, very unstealthy
A: no striking features
a: no special abilities


You were on level 5 of the Dungeon.
You were not hungry.

You visited 1 branch of the dungeon, and saw 5 of its levels.

You collected 123 gold pieces.

Inventory:

Hand Weapons
 a - a +1 shortbow
 b - a +0 short sword
 l - a +0 halberd
 m - a +0 dagger
 p - a +0 spear
 r - a +0 club
 s - a +0 hunting sling
 t - a +0 blowgun
 w - a +1 dagger of draining
 z - a +0 falchion (weapon)
Missiles
 d - 54 arrows
 e - 126 stones (quivered)
 k - 24 poisoned needles
 n - 14 bolts
 q - 3 needles of confusion
 x - 7 tomahawks of returning
Armour
 c - a +1 leather armour (worn)
 i - a +1 hat (worn)
 j - a +1 pair of gloves (worn)
 u - a +0 chain mail
 y - a +0 pair of boots (worn)
Jewellery
 o - a +6 ring of protection (left hand)
Wands
 C - a wand of iceblast (6/15)
Scrolls
 A - a scroll of teleportation
 B - a scroll of fear
Potions
 h - a potion of brilliance {unknown}
 v - a potion of resistance {unknown}
Books
 D - a book of Unlife

   Spells                             Type                      Level
   a - Recall                         Summoning/Translocation      3
   b - Animate Dead                   Necromancy                   4
   c - Control Undead                 Necromancy                   4
   d - Cigotuvi's Embrace             Necromancy                   5
   e - Death Channel                  Necromancy                   6
   f - Simulacrum                     Ice/Necromancy               6
Comestibles
 f - a bread ration
 g - 2 meat rations


   Skills:
 + Level 2.8(1.8) Fighting
 + Level 1.4(0.5) Short Blades
 + Level 0.2(0.0) Long Blades
 + Level 0.1(0.0) Maces & Flails
 + Level 9.9(8.7) Bows
 + Level 2.4(1.4) Armour
 + Level 5.1(4.0) Dodging
 + Level 1.5(0.5) Stealth


You had 2 spell levels left.
You knew the following spells:

 Your Spells              Type           Power        Failure   Level  Hunger
a - Animate Dead          Necr           N/A          100%        4    #####..


Dungeon Overview and Level Annotations

Branches:
Dungeon (5/15)
 Temple: D:4-7

Altars:
Makhleb


Message History

* * * LOW HITPOINT WARNING * * *
You feel sick.
The centaur shoots an arrow.
The arrow hits you but does no damage.
You hit the centaur.
The centaur is almost dead.
* * * LOW HITPOINT WARNING * * *
You feel sick.
The centaur unwields an uncursed shortbow.
The centaur hits you but does no damage.
The centaur barely misses you.
You hit the centaur.
The centaur is almost dead.
* * * LOW HITPOINT WARNING * * *
You feel sick. The centaur closely misses you.
The centaur completely misses you.
You hit the centaur but do no damage.
The centaur is almost dead.
* * * LOW HITPOINT WARNING * * *
You feel sick. The centaur hits you.
You die...

###########
..>.........
............
.........
....... #..(#
###+####...##
#.....@#..<.#
.......c(....+
........#....#
.......##....#
##..... #....#
#.....
#........
#.....
.....##..
..(.........#
. ..(. ##....#


You could see a centaur.

Vanquished Creatures
  The ghost of et2088 the Shooter, an amateur CeHu (D:3)
  3 ogres (D:4)
  A scorpion (D:4)
  2 howler monkeys (D:4)
  A hound (D:4)
  2 iguanas (D:4)
  2 orc wizards (D:4)
  2 worker ants
  A hound skeleton (D:4)
  3 gnolls (D:4)
  7 adders
  An adder skeleton (D:4)
  4 worms
  5 giant geckos
  10 orcs
  3 bats
  6 giant cockroaches
  6 goblins
  9 hobgoblins
  5 jackals
  4 quokkas
  A ball python (D:5)
  4 giant newts
  A jackal skeleton (D:5)
  6 kobolds
  8 rats
98 creatures vanquished.

Vanquished Creatures (others)
  An orc wizard (D:4)
1 creature vanquished.

Grand Total: 99 creatures vanquished

Notes
Turn   | Place    | Note
--------------------------------------------------------------
     0 | D:1      | BESTIEunlmt the High Elf Hunter began the quest for the Orb.
     0 | D:1      | Reached XP level 1. HP: 14/14 MP: 2/2
   247 | D:1      | Reached XP level 2. HP: 19/19 MP: 3/3
   525 | D:1      | Reached skill level 6 in Bows
  1363 | D:2      | Reached XP level 3. HP: 24/24 MP: 4/4
  1758 | D:2      | Found a burning altar of Makhleb.
  1758 | D:2      | Noticed an Executioner
  1762 | D:2      | Noticed a hellwing
  1762 | D:2      | Noticed a neqoxec
  1802 | D:2      | Reached skill level 1 in Armour
  2175 | D:3      | Reached XP level 4. HP: 25/29 MP: 5/5
  2456 | D:3      | Reached skill level 7 in Bows
  3150 | D:3      | Noticed et2088's ghost (amateur CeHu)
  3162 | D:3      | Killed et2088's ghost
  3162 | D:3      | Reached skill level 8 in Bows
  3162 | D:3      | Reached XP level 5. HP: 13/34 MP: 6/6
  3868 | D:4      | Reached XP level 6. HP: 39/39 MP: 7/7
  4102 | D:4      | Reached skill level 9 in Bows
  4825 | D:4      | Reached XP level 7. HP: 45/45 MP: 8/8
  5145 | D:4      | Reached skill level 1 in Short Blades
  5175 | D:4      | Reached skill level 5 in Dodging
  5772 | D:5      | Entered Level 5 of the Dungeon
  5782 | D:5      | Learned a level 4 spell: Animate Dead
  5809 | D:5      | Slain by a centaur

Skill      XL: |  1  2  3  4  5  6  7 |
---------------+----------------------+-----
Bows           | 6 8 9 |  9.9
Armour         | 1 2 |  2.4
Dodging        | 3 5 |  5.1
Short Blades   | 1 |  1.4
Fighting       | |  2.8
Long Blades    | |  0.2
Maces & Flails | |  0.1
Stealth        | |  1.5

Action                   |  1- 3 |  4- 6 |  7- 9 || total
-------------------------+-------+-------+-------++-------
Melee: Short sword       |    31 |   103 |    64 ||   198
       Shortbow          |     1 |       |       ||     1
       Club              |       |     4 |       ||     4
       Falchion          |       |       |    15 ||    15
 Fire: Shortbow          |    86 |   144 |    51 ||   281
Throw: Stone             |       |     1 |       ||     1
Evoke: Wand              |       |       |     1 ||     1
  Use: Scroll            |     5 |     5 |       ||    10
       Potion            |       |     3 |       ||     3
  Eat: Meat ration       |     1 |     1 |       ||     2
       Pizza             |       |     1 |       ||     1
       Bread ration      |       |       |     1 ||     1
       Beef jerky        |       |       |     1 ||     1
Armor: Leather armour    |    24 |    74 |    60 ||   158
Dodge: Dodged            |    37 |   111 |    84 ||   232
